Cogmind - Beta 15 *** ADVENTURER MODE // 2025.09.30 @ 18:58:06 // Winter2019/RPGLIKE Player: Gallgagger Result: Destroyed by 56-7QZ(j) with Overtuned Pulse Rifle Performance ------------- Evolutions (0) 0 Regions Visited (4) 800 Robots Destroyed (67) 335 Value Destroyed (2369) 2369 Prototype IDs (7) 140 Alien Tech Used (0) 0 Bonus (918) 918 TOTAL SCORE: 4562 Bonus ------- High Alert Combat Kills 118 Registered with UFD 300 Met Optimus in HQ 500 Cogmind --------- Core Integrity 0/850 Matter 300/300 Energy 300/300 System Corruption 3% Temperature Warning (318) Movement Immobile (Siege) Location -8/Scraptown Parts ------- > --- POWER (2) -------- Nuclear Core Light Fission Core > --- PROPULSION (4) --- Tri-treads Cesium-ion Thruster > --- UTILITY (5) ------ Weight Redist. System Siege Articulator Siege Articulator Makeshift Light Armor Plating Makeshift Thermal Plating > --- WEAPON (4) ------- Siege Cannon > --- INVENTORY (3) ---- Slug Cannon CPS Tube (2) Peak State ------------ > --- POWER ------------ Nuclear Core Light Fission Core > --- PROPULSION ------- Tri-treads Cesium-ion Thruster > --- UTILITY ---------- Weight Redist. System Siege Articulator Siege Articulator Makeshift Light Armor Plating Makeshift Thermal Plating > --- WEAPON ----------- Slug Cannon Siege Cannon > --- INVENTORY -------- CPS Tube CPS Tube [Rating: 71] Favorites ----------- Power Light Ion Engine Engine Light Ion Engine Power Core Light Fission Core Propulsion Flight Unit Treads Tri-treads Wheel Wheel Hover Unit Hover Unit Flight Unit Flight Unit Utility Weight Redist. System Device Weight Redist. System Processor Visual Processing Unit Protection Makeshift Thermal Plating Weapon Makeshift Shrapnel Gun Energy Gun Small Laser Ballistic Gun Makeshift Shrapnel Gun Ballistic Cannon Battle Cannon Special Weapon CPS Tube Build | -11 -10 -10 -8 -8 ------- Run | Yrd Mat Sub Rec Scr Slots Evolved 11 | 4 1 3 . 3 Power 1 | 1 . . . . Propulsion 3 | 1 . 1 . 1 Utility 4 | 1 1 1 . 1 Weapon 3 | 1 . 1 . 1 Parts Attached 43 | 6 11 8 1 17 Power 4 | 2 . . . 2 Engine 2 | 2 . . . . Core 2 | . . . . 2 Reactor . | . . . . . Propulsion 13 | 2 4 1 1 5 Treads 1 | . . . . 1 Leg . | . . . . . Wheel 2 | 2 . . . . Hover 2 | . 2 . . . Flight 8 | . 2 1 1 4 Utility 11 | . 5 2 . 4 Device 4 | . 2 . . 2 Storage . | . . . . . Processor 3 | . 2 . . 1 Hackware . | . . . . . Protection 4 | . 1 2 . 1 Artifact . | . . . . . Weapon 15 | 2 2 5 . 6 Energy Gun 6 | 2 2 1 . 1 Energy Cannon . | . . . . . Ballistic Gun 3 | . . 3 . . Ballistic Cannon 4 | . . 1 . 3 Launcher . | . . . . . Special Weapon 2 | . . . . 2 Impact Weapon . | . . . . . Slashing Weapon . | . . . . . Piercing Weapon . | . . . . . Special Melee Weapon . | . . . . . Unidentified Prototypes 1 | . . . . 1 Parts Lost 2 | . . 1 . 1 Power . | . . . . . Propulsion . | . . . . . Utility 1 | . . 1 . . Weapon 1 | . . . . 1 Highest Loss Streak 1 | . . 1 . 1 To Critical Strikes . | . . . . . Average Backups 1 | . . . . 1 Power . | . . . . . Propulsion . | . . . . . Utility . | . . . . . Weapon . | . . . . . Tool/Special . | . . . . . Unused Backups 3 | . . . 1 2 Power 1 | . . . 1 . Propulsion . | . . . . . Utility 1 | . . . . 1 Weapon . | . . . . . Tool/Special 1 | . . . . 1 Average Slot Usage (%) 93 | . 86 93 100 97 Engine 15 | . 23 18 16 4 Core 3 | . . . . 9 Wheel 1 | . 6 . . . Hover 1 | . 5 . . . Flight 18 | . 11 18 25 24 Device 7 | . 4 9 8 7 Processor 8 | . 7 9 8 9 Protection 10 | . 2 13 16 14 Energy Gun 11 | . 23 6 8 6 Ballistic Gun 5 | . . 8 8 6 Ballistic Cannon 5 | . . 7 8 6 Special Weapon 1 | . . . . 3 Peak Build Rating 71 | 6 11 26 28 71 Average Rating 23 | 4 8 19 27 43 On Entrance 14 | . 6 11 26 28 Naked Turns . | . . . . . Heaviest Build 50 | 10 14 24 24 50 Greatest Support 68 | 26 26 28 29 68 Greatest Overweight (x) 1 | . 1 . . 1 Average Overweight (x) . | . . . . . Largest Inventory Capacity 3 | 1 1 2 2 3 Average Capacity 1 | . 1 1 2 2 Most Carried 3 | . 1 1 2 3 Average Carried 1 | . . . . 1 Final Capacity 3 | 1 1 2 2 3 Final Carried 2 | . 1 . 1 2 Class Distribution -------------------- 41% | Mutant 32% | Derelict-Sprinter 21% | Derelict-Tank 3% | Derelict-Gunner Dominant Class ---------------- Mutant | -10/Materials Derelict-Tank | -10/Subcaves Derelict-Sprinter | -8/Recycling Derelict-Sprinter | -8/Scraptown Resources | -11 -10 -10 -8 -8 ----------- Run | Yrd Mat Sub Rec Scr Matter Collected 1559 | 260 136 622 100 441 Remotely . | . . . . . Salvage Created 2529 | . 1186 421 410 512 Parts 155 | . 76 22 15 42 Haulers Intercepted 2 | . 2 . . . Recyclers Shooed 3 | . 3 . . . Parts Field Recycled . | . . . . . Retrieved Matter . | . . . . . Parts Self-Destructed 9 | . . 8 . 1 Prevented 3 | . . 3 . . Kills | -11 -10 -10 -8 -8 ------- Run | Yrd Mat Sub Rec Scr Combat Hostiles Destroyed 55 | . 31 17 3 4 Guns 43 | . 29 12 2 . Cannons 9 | . . 4 1 4 AOE 3 | . 2 1 . . Classes Destroyed 12 | . 6 3 . 3 Worker 1 | . 1 . . . Hauler 2 | . 2 . . . Recycler 4 | . 1 . 3 . Turret 2 | . . 2 . . Watcher 3 | . 3 . . . Swarmer 8 | . 6 2 . . Grunt 27 | . 25 2 . . Sentry 4 | . . 1 3 . Subdweller 12 | . . 12 . . Ranger 1 | . . . . 1 Guru 1 | . . . . 1 Scrapper 1 | . . . . 1 Best Kill Streak 6 | . 6 2 3 4 Combat Bots Only 5 | . 5 2 2 4 Max Kills in Single Turn 3 | . 3 2 2 1 Gunslinging 1 | . 1 . . . Exploded 1 | . 1 1 . . Melee . | . . . . . Uniques/NPCs Destroyed 1 | . . . . 1 Optimus (-8/Scraptown) Combat | -11 -10 -10 -8 -8 -------- Run | Yrd Mat Sub Rec Scr Hostile Shots Fired 351 | . 108 116 12 115 Missed 120 | . 47 47 1 25 Hits 231 | . 61 69 11 90 Projectile 231 | . 61 69 11 90 AOE 1 | . . 1 . . Critical Strikes 7 | . . 1 . 6 Damage Taken 2536 | . 549 775 112 1100 Core 1849 | . 434 552 81 782 Absorbed by Shields . | . . . . . Reduced by Siege Mode 65 | . . . . 65 Redirected to Core 1565 | . 355 405 49 756 Ignored by Resistances 845 | . 174 230 45 396 Core Remaining (%) 100 | 100 . . . . Volleys Fired 194 | . 88 78 8 20 Largest 4 | . 2 3 3 4 Hottest 119 | . 80 107 107 119 Shots Fired 392 | . 176 160 24 32 Gun 297 | . 176 96 16 9 Cannon 92 | . . 64 8 20 Launcher . | . . . . . Special 3 | . . . . 3 Kinetic 158 | . . 114 16 28 Thermal 122 | . 107 15 . . Explosive . | . . . . . Electromagnetic 109 | . 69 31 8 1 Robot Hit Streak 65 | . 38 65 41 20 Robot Miss Streak 3 | . 3 2 1 1 Penetration Max . | . . . . . Secondary Targets 5 | . 4 1 . . Max Gunslinging Chain 1 | . 1 1 . . Shots Hit Robots 294 | . 145 103 17 29 Core Hits 139 | . 66 41 13 19 Critical Kills . | . . . . . Critical Parts Destroyed . | . . . . . Critical Strikes 4 | . . 3 . 1 Blast 3 | . . 3 . . Corrupt 1 | . . . . 1 Melee Attacks . | . . . . . Impact . | . . . . . Slashing . | . . . . . Piercing . | . . . . . Sneak Attacks . | . . . . . Combat Hostiles . | . . . . . Follow-up Attacks . | . . . . . Damage Inflicted 6016 | . 2073 1868 425 1650 Guns 3713 | . 1806 1355 321 231 Cannons 1986 | . . 484 83 1419 Explosions 317 | . 267 29 21 . Melee . | . . . . . Ramming . | . . . . . Kinetic 3142 | . . 1250 247 1645 Thermal 1392 | . 1197 174 21 . Explosive . | . . . . . Electromagnetic 1482 | . 876 444 157 5 Impact . | . . . . . Slashing . | . . . . . Piercing . | . . . . . Highest Corruption 3 | . 2 2 2 3 Average Corruption 1 | . 1 2 2 1 Corruption Purged . | . . . . . Corruption Blocked . | . . . . . Effects 24 | . 5 14 4 1 Message Errors 6 | . 1 4 1 . Matter Fused 7 | . 2 4 1 . Heat Flow Errors 4 | . . 2 1 1 Energy Discharges 2 | . 1 . 1 . Data Loss (minor) 2 | . 1 1 . . Data Loss (major) 1 | . . 1 . . Misfires 2 | . . 2 . . Overload Shots . | . . . . . Overflow Damage 402 | . . . . 402 Projectiles 402 | . . . . 402 Explosions . | . . . . . Melee . | . . . . . Knockbacks 12 | . . 5 . 7 Impact . | . . . . . Kinetic 12 | . . 5 . 7 Secondary . | . . . . . Self-Inflicted Damage 96 | . 65 31 . . Shots 3 | . 2 1 . . Rammed . | . . . . . Targets Rammed . | . . . . . Kicked . | . . . . . Crushed . | . . . . . Highest Temperature 286 | . . 166 121 286 Average Temperature 107 | . . 87 77 118 Received Heat Transfer 1053 | . 300 321 45 387 Siege Activations 2 | . . . . 2 Total Turns 30 | . . . . 30 Longest Duration 22 | . . . . 22 Martial Activations . | . . . . . Shielding Activations . | . . . . . Robots Disrupted . | . . . . . Combat Hostiles . | . . . . . Robots Corrupted . | . . . . . Combat Hostiles . | . . . . . Parts Fried . | . . . . . Impact Corruptions . | . . . . . Robots Melted . | . . . . . Combat Hostiles . | . . . . . Parts Melted 2 | . 1 1 . . Heat Transferred 2750 | . 2425 325 . . Parts Sabotaged . | . . . . . Parts Stolen . | . . . . . Parts Stripped . | . . . . . Power Chain Reactions 5 | . 3 1 1 . Alert | -11 -10 -10 -8 -8 ------- Run | Yrd Mat Sub Rec Scr Maximum Alert Level 3 | . 3 . 1 . Low Security (%) 44 | 100 41 . 43 . Level 1 26 | . 20 . 56 . Level 2 22 | . 28 . . . Level 3 6 | . 8 . . . Level 4 . | . . . . . Level 5 . | . . . . . High Security . | . . . . . Max Security . | . . . . . Peak Influence 767 | . 767 . 377 . Initial 167 | . . . 167 . Average 286 | . 309 . 237 . Influence Increases 2057 | . 1167 600 290 . Destroy 0b10 Robot/C 820 | . 620 140 60 . Destroy 0b10 Robot/NC 50 | . 35 . 15 . Destroy Leader 150 | . 140 10 . . Successful Hack 24 | . 24 . . . Select Force Hacks 510 | . 310 . 200 . Disable Machine 36 | . 27 . 9 . Destroy Structure 17 | . 11 . 6 . Lose Combat Pursuer 450 | . . 450 . . Influence Decreases 2057 | . 420 941 339 357 Entered New Map 1007 | . . 411 239 357 Time Decay 1040 | . 420 520 100 . Lost Part 10 | . . 10 . . Squads Dispatched 9 | . 9 . . . Investigation 9 | . 9 . . . Extermination . | . . . . . Reinforcement . | . . . . . Assault . | . . . . . Garrison . | . . . . . Intercept . | . . . . . Searches Triggered . | . . . . . Construction Impeded . | . . . . . Haulers Reinforced . | . . . . . Active Scanning Responses . | . . . . . Cargo Convoy Interrupts . | . . . . . Stealth | -11 -10 -10 -8 -8 --------- Run | Yrd Mat Sub Rec Scr Distress Signals . | . . . . . Communications Jammed . | . . . . . Distress Signals . | . . . . . Times Spotted 94 | . 37 40 3 14 Peak Tracking Total 6 | . 4 3 2 6 Tactical Retreats 3 | . . 3 . . Traps | -11 -10 -10 -8 -8 ------- Run | Yrd Mat Sub Rec Scr Traps Triggered 3 | . 1 2 . . Indirectly . | . . . . . Trap Hack Attempts . | . . . . . Triggered . | . . . . . Disarmed . | . . . . . Reprogrammed . | . . . . . Reused . | . . . . . Traps Extracted . | . . . . . Installed . | . . . . . Triggered . | . . . . . Machines | -11 -10 -10 -8 -8 ---------- Run | Yrd Mat Sub Rec Scr Machines Disabled 8 | . 3 . 1 4 Max in Single Turn 1 | . 1 . 1 1 Machines Repaired . | . . . . . Machines Dismantled . | . . . . . Machines Sabotaged 6 | . 5 . 1 . Overloaded Fab Kills . | . . . . . Hacking | -11 -10 -10 -8 -8 --------- Run | Yrd Mat Sub Rec Scr Machines Accessed 20 | . 11 . 7 2 Terminals 10 | . 8 . 2 . Fabricators . | . . . . . Repair Stations 1 | . 1 . . . Recycling Units 7 | . 2 . 5 . Scanalyzers . | . . . . . Garrison Access . | . . . . . Total Hacks 41 | . 16 . 9 16 Successful 34 | . 12 . 6 16 Failed 7 | . 4 . 3 . Catastrophic . | . . . . . Database Lockouts . | . . . . . Manual 23 | . 14 . 9 . Terminals 17 | . 13 . 4 . Fabricators . | . . . . . Repair Stations 1 | . 1 . . . Recycling Units 7 | . 2 . 5 . Scanalyzers . | . . . . . Garrison Access . | . . . . . Terminal Hacks 17 | . 1 . . 16 Record 15 | . . . . 15 Branch Access Points 1 | . 1 . . . Proto ID Catalog 1 | . . . . 1 Fabricator Hacks . | . . . . . Repair Station Hacks . | . . . . . Recycling Unit Hacks . | . . . . . Scanalyzer . | . . . . . Garrison Access Hacks . | . . . . . Unauthorized Hacks 17 | . 11 . 6 . Terminals 9 | . 8 . 1 . Botnet 2 | . 2 . . . Sabotage 7 | . 6 . 1 . Fabricators . | . . . . . Repair Stations 1 | . 1 . . . Patch 1 | . 1 . . . Recycling Units 7 | . 2 . 5 . Tunnel 7 | . 2 . 5 . Scanalyzers . | . . . . . Garrison Access . | . . . . . Data Cores Recovered . | . . . . . Used . | . . . . . Hacking Detections 3 | . 2 . 1 . Full Trace Events 1 | . 1 . . . Feedback Events 1 | . 1 . . . Corruption 1 | . 1 . . . Feedback Blocked . | . . . . . Robot Schematics Acquired . | . . . . . Robots Built . | . . . . . Authchips . | . . . . . Time . | . . . . . Total Robot Build Rating . | . . . . . Part Schematics Acquired . | . . . . . Parts Built . | . . . . . Authchips . | . . . . . Time . | . . . . . Total Part Build Rating . | . . . . . Parts Repaired . | . . . . . Time . | . . . . . Parts Recycled . | . . . . . Recycled Matter . | . . . . . Retrieved Matter . | . . . . . Retrieved Components . | . . . . . Parts Scanalyzed . | . . . . . Part Schematics Acquired . | . . . . . Parts Damaged . | . . . . . Bothacking | -11 -10 -10 -8 -8 ------------ Run | Yrd Mat Sub Rec Scr Used RIF Installer . | . . . . . Robots Hacked . | . . . . . Non-combat . | . . . . . Combat . | . . . . . Robot Hacks Applied . | . . . . . Relay Couplers Released . | . . . . . Fabnet Peak Effective % . | . . . . . Robots Rewired . | . . . . . Allies Hacked . | . . . . . Hacks Repelled . | . . . . . Allies | -11 -10 -10 -8 -8 -------- Run | Yrd Mat Sub Rec Scr Total Allies . | . . . . . Largest Group . | . . . . . Highest-Rated Group . | . . . . . Highest-Rated Ally . | . . . . . Total Orders . | . . . . . Ally Attacks . | . . . . . Total Damage . | . . . . . Kills . | . . . . . Allies Corrupted . | . . . . . Allies Melted . | . . . . . Intel | -11 -10 -10 -8 -8 ------- Run | Yrd Mat Sub Rec Scr Active Infowar (turns) 2580 | . 403 1054 206 917 Optics 2580 | . 403 1054 206 917 ECM 1 | . 1 . . . Robot Analysis Total . | . . . . . Derelict Logs Recovered 2 | . . 2 . . Drone Launches . | . . . . . Drone Recoveries . | . . . . . Exploration | -11 -10 -10 -8 -8 ------------- Run | Yrd Mat Sub Rec Scr Turns Passed 3173 | 38 916 1054 206 959 Spaces Moved 5214 | 34 999 2033 526 1622 Core 3 | 3 . . . . Treads 8 | . . . . 8 Legs . | . . . . . Wheels 209 | 31 178 . . . Hover 138 | . 138 . . . Flight 4856 | . 683 2033 526 1614 Fastest Speed 26 | 50 37 34 32 26 Average Speed 37 | 85 49 36 32 30 Slowest Speed 120 | 90 120 37 34 120 Overloaded Moves . | . . . . . Propulsion Burnouts . | . . . . . Robots Hopped 9 | . 4 . 5 . Potential Cave-ins . | . . . . . Cave-ins Triggered . | . . . . . Exploration Rate (%) 76 | 5 99 97 96 87 Regions Visited 4 Branch Regions 3 Pre-discovered Areas 10 | . 2 3 5 . Known Exits Taken . | . . . . . Unknown Exits Taken 4 | 1 1 1 1 . Scrap Searched 22 | . . 17 . 5 Spaces Dug 1 | . . 1 . . Terrain Destroyed 24 | . 9 5 6 4 Melee . | . . . . . Projectile 8 | . . 3 1 4 AOE 16 | . 9 2 5 . Terrain Rammed . | . . . . . Walls Destroyed . | . . . . . Machines Disabled . | . . . . . Actions | -11 -10 -10 -8 -8 --------- Run | Yrd Mat Sub Rec Scr Total 6062 | 39 1238 2195 535 2055 Wait 534 | . 112 41 3 378 Move 5193 | 33 990 2032 516 1622 Hop 8 | . 4 . 4 . Pick Up 7 | . 2 . 2 3 Fast Attach 16 | 6 3 3 . 4 Attach 2 | . . 1 . 1 Detach . | . . . . . Swap 29 | . 9 5 1 14 Drop 16 | . 2 . 1 13 Fire 194 | . 88 78 8 20 Melee . | . . . . . Ram . | . . . . . Kick . | . . . . . Crush . | . . . . . Escape Stasis . | . . . . . Rewire . | . . . . . Trap . | . . . . . Miscellaneous 63 | . 28 35 . . Route ------- -11/Scrapyard -10/Materials (discovered 6 exits: [*Mat x3] / *Min x2 / [*Sub]) -10/Subcaves (discovered 3 exits: [*Mat x2] / *Rec) -8/Recycling (discovered 2 exits: [*Fac] / *Scr) -8/Scraptown (discovered 1 exit: [*Fac]) History --------- Turn | Location | Event 3 | -11/Scrapyard | Upgraded with Power slot (x1) 3 | -11/Scrapyard | Upgraded with Propulsion slot (x1) 3 | -11/Scrapyard | Upgraded with Utility slot (x1) 3 | -11/Scrapyard | Upgraded with Weapon slot (x1) 21 | -11/Scrapyard | Discovered new exit (range 16) 39 | -11/Scrapyard | Entered Materials 72 | -10/Materials | Discovered new exit (range 15) 245 | -10/Materials | Identified exit to Mines 302 | -10/Materials | Discovered new exit (range 15) 318 | -10/Materials | Build established: Mutant 407 | -10/Materials | Reached level 2 554 | -10/Materials | Upgraded with Utility slot (x1) 601 | -10/Materials | Reached level 3 612 | -10/Materials | Discovered new exit (range 5) 756 | -10/Materials | Discovered new exit (range 9) 796 | -10/Materials | Reached level 4 951 | -10/Materials | Discovered new exit (range 12) 955 | -10/Materials | Entered Subcaves 957 | -10/Subcaves | Reached level 5 992 | -10/Subcaves | Discovered new exit (range 12) 1010 | -10/Subcaves | Discovered new exit (range 11) 1079 | -10/Subcaves | A swath of the cavern ceiling suddenly collapsed 1316 | -10/Subcaves | Upgraded with Propulsion slot (x1) 1316 | -10/Subcaves | Upgraded with Utility slot (x1) 1316 | -10/Subcaves | Upgraded with Weapon slot (x1) 1446 | -10/Subcaves | A swath of the cavern ceiling suddenly collapsed 1539 | -10/Subcaves | Shifting Twisted Machinery released Mak. Light Armor Plating 1543 | -10/Subcaves | Shifting Twisted Machinery released Sub. Monowheel 1550 | -10/Subcaves | Discovered new exit (range 10) 1557 | -10/Subcaves | Learned location of Zion (-7) 1557 | -10/Subcaves | Met a Zionite searching for "candidates" 1848 | -10/Subcaves | Build established: Derelict-Tank 1949 | -10/Subcaves | Visited 4L-MR0's lab 2009 | -10/Subcaves | Entered Recycling 2011 | -8/Recycling | Reached level 6 2070 | -8/Recycling | Reached level 7 2131 | -8/Recycling | Scanned before Scraplab entrance 2166 | -8/Recycling | Discovered new exit (range 18) 2211 | -8/Recycling | Entered Scraplab 2214 | -8/Recycling | Discovered new exit (range 2) 2215 | -8/Recycling | Entered Scraptown 2215 | -8/Scraptown | System corruption cleaned by C-Scrubber 2217 | -8/Scraptown | Reached level 8 2238 | -8/Scraptown | Visited UFD Registry 2238 | -8/Scraptown | Registered with UFD as "Protonskull" 2242 | -8/Scraptown | Visited Fellowship of the Rings 2247 | -8/Scraptown | Visited CPS Storage 2250 | -8/Scraptown | Heard Great Nut preacher, LISTEN AND RECITE! 2252 | -8/Scraptown | Visited Spacefarers 2259 | -8/Scraptown | Visited SPCMW 2266 | -8/Scraptown | Visited Assassins FH 2269 | -8/Scraptown | Visited Red Mages 2277 | -8/Scraptown | Visited Awakened 2368 | -8/Scraptown | Discovered new exit (range 13) 2409 | -8/Scraptown | Visited Chapter 10 2416 | -8/Scraptown | Build established: Derelict-Sprinter 2416 | -8/Scraptown | Visited Curators Association 2422 | -8/Scraptown | Visited Supply Room 2435 | -8/Scraptown | Visited Junk Cannon Lab 2441 | -8/Scraptown | Visited Scrap Suit Storage 2445 | -8/Scraptown | Visited DA-N13 Charitable Foundation 2449 | -8/Scraptown | Found DCF Scrap (27 items) 2454 | -8/Scraptown | Visited Science Guys 2463 | -8/Scraptown | Visited Junk Repository 2469 | -8/Scraptown | Visited A0-MCA Data Center 2474 | -8/Scraptown | Visited Cartography Club 2562 | -8/Scraptown | Upgraded with Propulsion slot (x1) 2562 | -8/Scraptown | Upgraded with Utility slot (x1) 2583 | -8/Scraptown | Upgraded with Weapon slot (x1) 2701 | -8/Scraptown | Met Optimus 2701 | -8/Scraptown | Accepted into 0bPrime 3101 | -8/Scraptown | Civil war broke out across Scraptown 3110 | -8/Scraptown | Attacked by Scraptown defenders 3129 | -8/Scraptown | Found Tri-treads 3132 | -8/Scraptown | Found Siege Articulator 3137 | -8/Scraptown | Found Siege Articulator 3143 | -8/Scraptown | Found Prototype Ballistic Cannon 3143 | -8/Scraptown | Identified Siege Cannon 3152 | -8/Scraptown | Core integrity fell below 50% 3165 | -8/Scraptown | Core integrity fell below 20% 3169 | -8/Scraptown | Optimus destroyed in the chaos of civil war 3169 | -8/Scraptown | Destroyed Optimus 3174 | -8/Scraptown | Destroyed by 56-7QZ(j) with Overtuned Pulse Rifle Last Messages --------------- 03169_ Destroyed Adv. Cooling System. 03169_ CPS modules swiftly deploy to protect Optimus components. 03169_ Optimus: "We are 0bPrime!" 03169_ ANNOUNCEMENT: The traitor Optimus has been dealt with. Put down any remaining collaborators. 03169_ Optimus destroyed. 03170_ Acquired 14 matter. 03171_ Penetrated by Bolt. 03171_ Siege Slug penetrates VR-NN7(p). 03171_ Destroyed Imp. Hover Unit. 03171_ VR-NN7(p) destroyed. 03172_ Acquired 14 matter. 03173_ Siege Slug penetrates CG-UW6(h). 03173_ CG-UW6(h) destroyed. 03173_ Siege Slug penetrates Reinforced Barrier. 03173_ Machine disabled. 03174_ Acquired 14 matter. 03174_ Critical hit (Burn: +50). Map ----- +----------------------------------------------------+ | #?????# """"#?# #?????????? ??? | | #?????# ||| #?# #???????????? ????? | | #??????? #?# #?????????????# #?????? | | ########## ########### ####???????##### ####### | | #???????#"""" """"""" | | #???????#" | | % #???????#" | | #???????#" | | = #???????#" | | ################# #???#####" | | #???????????????# #???#"""" """""" | | #???????????????# #???#"""" """""" | | #???????????????# #???#"""" ""#### | | #???????????????# j #???#"""" ""# | | #???????????????# % #???#"""" ""# | | #???#########???# / ###?#"""" ""# | | #???# #??# "#"#"""" ""# " | | #??## ##?# """#"""" ""# " | | #??#" "#?# ""#######" "" | | #?##""""""""""### ###?????#" "" | | #?#" "## ######### ""# " | | #??? "## %%&! ""# " | | #????? "## =*= =%[ ""# | | #??????? ## %%! ! * ""# | | #????????? ?# =!% !* % ""# | | ######""""%=!%%"# !!@!! ""#### | | =[%%%! % !! """""" | | j=%== [*!!= """""" | | [ [ | | %% | | ! | | %%* = #""""# | | = %%[ #????#" | | %!*=% #????#"""""" """"" | | ####### ##############%!## ####????####### ##### | | "#????????? =[%"# #????????# # | | ""#??????? [%%"# #????????#" ### | | "" ""#?????" !%=%"# #????????#"" #? | | " """#????#" """!="# #????????#"""" #? | | "" " " ""#????#" ""*= "# #????????#"" " #? | | """ ""#????#" "" "# #????????#"""" #? | | """ "#????#" "# #????????#"" #? | | " "#????#" "# #????????#"" #? | | """""" ""#????#"""""""""# #????????# " ##? | | +######"""#??????????##### #????????#"""""""""?? | | ???????"""#??????????????# #????????##########?? | | ???????"""#??????######### #???????????????????? | | ???????###???????""""""""" #???????############# | | ????????????????"""" """"" #???????? ##"""# | | ?????????##???#"""" " "" #???????"""""" ## ""# | +----------------------------------------------------+ Best States ------------- Heat Dissipation 67 Energy Generation 27 Energy Capacity 300 Matter Stores 300 Matter Capacity 300 Sight Range 18 Terrain Scan Density 10 Additional Mass Support 6 Armor Coverage 400 Resistance: KI 20 Resistance: TH 30 Resistance: EX 20 Resistance: EM 20 Resistance: I 20 Resistance: S 20 Resistance: P 20 Evasion (%) 64 Targeting Accuracy 8 Recoil Reduction 3 Offensive Hacking 10 Item Schematics ----------------- None Robot Schematics ------------------ None Fabricated ------------ Nothing Repaired ---------- Nothing Alien Tech Used ----------------- None Achievements -------------- None Challenges ------------ None RPGLIKE | -11 -10 -10 -8 -8 --------- Run | Yrd Mat Sub Rec Scr Levels Raised 7 | . 3 1 2 1 XP Earned 15135 | 4000 5612 1517 3106 900 XP Spent 14495 | 3920 2200 3800 . 4575 Upgrades 32 | 14 4 5 . 9 Power Slot 1 | 1 . . . . Propulsion Slot 3 | 1 . 1 . 1 Utility Slot 4 | 1 1 1 . 1 Weapon Slot 3 | 1 . 1 . 1 Core Integrity 5 | . . . . 5 Heat Dissipation 7 | 7 . . . . Mass Support 2 | . 1 1 . . Inventory Capacity 3 | 1 . 1 . 1 Ranged Accuracy 4 | 2 2 . . . Protomatter Created 719 | . 455 245 . 19 Integrity Restored 1252 | . 525 727 . . Core 986 | . 434 552 . . Parts 266 | . 91 175 . . Protomatter Decayed 1278 | . 143 . . 1135 Game ------ Seed ParticleFluxSuit Manual? 0 Play Time 00:43:08 Cumulative 390.1 hours Start 2025.09.28 @ 19:18:50 End 2025.09.30 @ 18:58:06 Sessions 3 Manual Loads 0 Difficulty Adventurer Special Mode Winter2019/RPGLIKE Game No. 144 Rogue 0 Adventurer 144 Explorer 0 Win Type - Total 15 Types 2/3/3/3/1/0/0/1/1/1 Lore% 91 Gallery% 82 Achievement% 82 Wizard Run 0 Options --------- Layout 2 ASCII 0 Keyboard 0 Movement Numpad Keybinds 0 Fullscreen 2 Font 24/Smallcaps Map View 50x44 Zoom Use 0% Tactical HUD 1 Map Filters NONE Filters NONE Steam 1 RUN: a1ca8e96-0d15-4703-a156-2e1ff6bdcd5e